 Dungeon Crawl Stone Soup version 0.16-b1 (console) character file.

77 mauris the Vexing (level 4, -12/36 HPs)
             Began as a Hill Orc Arcane Marksman on Mar 14, 2015.
             Mangled by a gnoll
             ... wielding a +0 flail
              (14 damage)
             ... on level 2 of the Dungeon.
             The game lasted 00:03:01 (2224 turns).

mauris the Vexing (Hill Orc Arcane Marksman)        Turns: 2224, Time: 00:03:01

Health: -12/36     AC:  7    Str: 14    XL:     4   Next: 34%
Magic:  6/6        EV: 12    Int: 13    God:
Gold:   58         SH:  0    Dex: 10    Spells: 1 memorised, 5 levels left

rFire  . . .     SeeInvis .     n - +2 short sword (vamp)
rCold  . . .     Clarity  .     b - +0 robe {2}
rNeg   . . .     SustAb   .     (no shield)
rPois  .         Gourm    +     m - +2 helmet
rElec  .         Spirit   .     (no cloak)
rCorr  .         Warding  .     (no gloves)
rMut   .         Stasis   .     j - +1 pair of boots
MR     .....                    o - amulet of the gourmand
Stlth  +.........               (no ring)
                                (no ring)

@: not resistant to hostile enchantments, very unstealthy
A: no striking features
a: no special abilities


You were on level 2 of the Dungeon.
You were very full.

You visited 1 branch of the dungeon, and saw 2 of its levels.

You collected 58 gold pieces.

Inventory:

Hand weapons
 a - a +0 dagger
 n - a +2 vampiric short sword (weapon)
Missiles
 c - 2 throwing nets (quivered)
 g - 3 javelins
Armour
 b - a +0 robe (worn) {2}
 j - a +1 pair of boots (worn)
 m - a +2 helmet (worn)
Jewellery
 o - an amulet of the gourmand (around neck)
Scrolls
 e - a scroll of identify {@r1}
 h - 2 scrolls of remove curse {unknown}
 k - a scroll of random uselessness {unknown}
Potions
 i - a potion of restore abilities
Books
 d - a book of Debilitation

   Spells                             Type                      Level
   a - Corona                         Hexes                        1
   b - Slow                           Hexes                        2
   c - Inner Flame                    Hexes/Fire                   3
   d - Enslavement                    Hexes                        4
   e - Cause Fear                     Hexes                        4
   f - Leda's Liquefaction            Hexes/Earth                  4
Comestibles
 f - a meat ration
 l - a bread ration
 p - 2 chunks of flesh


   Skills:
 + Level 2.1 Fighting
 + Level 2.4 Throwing
 + Level 2.2 Dodging
 + Level 1.5 Spellcasting
 + Level 3.5 Hexes


You had 5 spell levels left.
You knew the following spells:

 Your Spells              Type           Power        Failure   Level  Hunger
a - Corona                Hex            ##.....      10%         1    ##.....


Dungeon Overview and Level Annotations

Branches:
Dungeon (2/15)

Altars:


Message History

Huge Dmg: -42%(-15hp) hp: 45%(16hp)
You hit the gnoll.
The gnoll is heavily wounded.
The gnoll barely misses you.
Unknown command.
You barely miss the gnoll.
The gnoll is heavily wounded.
The gnoll hits you with a flail. The gnoll barely misses you.
Damage: -9%(-3hp) hp: 39%(14hp)
Press: ? - help, v - describe, . - travel
Here: a gnoll, wielding a spear (severely wounded)
The floor.
You closely miss the gnoll.
The gnoll is heavily wounded.
The gnoll hits you with a flail!
* * * LOW HITPOINT WARNING * * *
The gnoll barely misses you.
Huge Dmg: -36%(-13hp) hp: 3%(1hp)
The gnoll hits you with a flail!
You die... #..# #.#77 #..####.# #.....#.. #####.###77 ## #.....7 . ..8##....###77...P #.# ....##...g'....P7 #.# ...>#...g####77.7 #.# ....##...@# 777

#.# ..8##....# #.#
#.## ## #....#
#.######.#.
##....######........#.
#.......)).)....(...#.
#......############.#.
#......# #.#. #......#
#... #......#
..####7.7


You could see 2 gnolls.

Vanquished Creatures
  Robin (D:2)
  A gnoll (D:1)
  An adder (D:2)
  A worm (D:1)
  3 giant cockroaches (D:1)
  11 goblins
  6 hobgoblins
  7 kobolds
  A ball python (D:2)
  2 bats (D:1)
  A giant newt (D:1)
  7 rats
42 creatures vanquished.

Notes
Turn   | Place    | Note
--------------------------------------------------------------
     0 | D:1      | mauris, the Hill Orc Arcane Marksman, began the quest for the Orb.
     0 | D:1      | Reached XP level 1. HP: 16/16 MP: 2/2
    84 | D:1      | Huge Dmg: 4 dmg
    85 | D:1      | Huge Dmg: 5 dmg
    88 | D:1      | Huge Dmg: 2 dmg
    96 | D:1      | Huge Dmg: 4 dmg
   394 | D:1      | Reached XP level 2. HP: 15/23 MP: 3/3
   445 | D:1      | Huge Dmg: 4 dmg
   488 | D:1      | Huge Dmg: 4 dmg
   644 | D:1      | Huge Dmg: 10 dmg
   645 | D:1      | Huge Dmg: 2 dmg
   888 | D:1      | Huge Dmg: 5 dmg
   892 | D:1      | Huge Dmg: 8 dmg
   896 | D:1      | Reached XP level 3. HP: 13/29 MP: 4/4
  1091 | D:1      | Huge Dmg: 5 dmg
  1096 | D:1      | Huge Dmg: 5 dmg
  1350 | D:1      | Huge Dmg: 5 dmg
  1354 | D:1      | Huge Dmg: 3 dmg
  2096 | D:2      | Noticed Robin
  2105 | D:2      | Reached XP level 4. HP: 31/36 MP: 6/6
  2127 | D:2      | Killed Robin
  2209 | D:2      | Huge Dmg: 15 dmg
  2219 | D:2      | HP: 1/36 [gnoll/flail (13)]
  2220 | D:2      | Huge Dmg: 13 dmg
  2224 | D:2      | Mangled by a gnoll

Action                   |  1- 3 |  4- 6 || total
-------------------------+-------+-------++-------
Melee: Dagger            |   151 |       ||   151
       Unarmed           |     7 |       ||     7
       Short sword       |    19 |    36 ||    55
Throw: Javelin           |     9 |       ||     9
       Throwing net      |     7 |       ||     7
  Use: Scroll            |     2 |       ||     2
 Stab: Held in net/web   |     3 |       ||     3
  Eat: Chunk             |     3 |     5 ||     8
       Meat ration       |     1 |       ||     1
       Bread ration      |     1 |       ||     1

Vault maps used:
D:1:      eino_arrival_water_cross
D:2:      nicolae_overflow_hidden_temple, serial_forest,
          infiniplex_forest_clump_tiny, infiniplex_forest_clump_double,
          infiniplex_forest_fountain, infiniplex_forest_lined_3,
          infiniplex_forest_clump_curved, infiniplex_forest_lined_room_2,
          infiniplex_forest_side_room, first_bread, uniq_robin
